 Dungeon Sprint DCSS version 0.17-a0-1197-g2d00c63 (webtiles) character file.

14239 Kidiri the Unseen (level 11, -15/65 HPs)
             Began as a Spriggan Assassin on June 2, 2015.
             Was the Champion of Dithmenos.
             Killed from afar by a fire giant (20 damage)
             ... with a fireball
             ... in the Dungeon (Sprint I: "Red Sonja").
             The game lasted 00:32:43 (2975 turns).

Kidiri the Unseen (Spriggan Assassin)               Turns: 2975, Time: 00:32:43

Health: -15/65     AC:  7    Str:  7    XL:     11   Next: 86%
Magic:  17/17      EV: 35    Int: 12    God:    Dithmenos [******]
Gold:   293        SH:  0    Dex: 20    Spells: 0 memorised, 10 levels left

rFire  + . .     SeeInvis +     y - +2 dagger (venom)
rCold  . . .     Clarity  +     o - +2 robe {rC+}
rNeg   . . .     SustAt   .     (shield restricted)
rPois  +         Gourm    .     (helmet restricted)
rElec  .         Spirit   .     d - +0 cloak
rCorr  .         Warding  .     (gloves unavailable)
rMut   .         NoTele   +     (boots unavailable)
MR     +....                    H - amulet of clarity
Stlth  ++++++++++               E - ring of fire
                                D - ring of poison resistance

@: wreathed by umbra, very quick, somewhat resistant to hostile enchantments,
uncannily stealthy
A: unfitting armour, slimy green scales 1, see invisible, dopey 1, herbivore 3,
speed 3, screaming 1, slow metabolism 2, MP-powered wands
a: Shadow Step, Shadow Form, Renounce Religion


You were in the Dungeon.
You worshipped Dithmenos.
Dithmenos was exalted by your worship.
You were not hungry.

You visited 1 branch You collected 2247 gold pieces.
You spent 1954 gold pieces at shops.

Inventory:

Hand weapons
 a - a +2 dagger
 b - a +0 blowgun
 q - a +3 blowgun of evasion
 t - a +0 dagger of distortion
 y - a +2 dagger of venom (weapon)
 A - a +0 dagger of venom
Missiles
 u - 3 poisoned needles
Armour
 c - a +0 robe
 d - a +0 cloak (worn)
 e - a troll hide
 o - a +2 robe of cold resistance (worn)
 C - the +2 troll leather armour of Makhleb's Outrage {Regen+ MP+9 Str+6}
   (You bought it in a shop in the Dungeon)

   It affects your strength (+6).
   It affects your magic capacity (+9).
   It increases your rate of regeneration.
Jewellery
 p - a +4 ring of dexterity
 D - a ring of poison resistance (left hand)
 E - a ring of fire (right hand)
 F - a +3 ring of evasion
 G - an uncursed ring of stealth
 H - an amulet of clarity (around neck)
Scrolls
 m - 2 scrolls of blinking
 r - a scroll of summoning
 s - 3 scrolls of identify
 w - a scroll of random uselessness {unknown}
 x - a scroll of remove curse {unknown}
Potions
 i - a potion of might {unknown}
 j - a potion of haste
 k - 2 potions of magic
 l - a potion of berserk rage
 n - 2 potions of brilliance {unknown}
Books
 v - a book of Ice

   Spells                             Type                      Level
   a - Ice Form                       Ice/Transmutation            4
   b - Metabolic Englaciation         Hexes/Ice                    5
   c - Ozocubu's Refrigeration        Ice                          6
   d - Bolt of Cold                   Conjuration/Ice              6
   e - Freezing Cloud                 Conjuration/Ice/Air          6
   f - Simulacrum                     Ice/Necromancy               6
Comestibles
 g - a bread ration
 B - a slice of pizza


   Skills:
 * Level 11.4 Fighting
 * Level 14.0 Short Blades
 * Level 14.2 Throwing
 * Level 17.7 Dodging
 * Level 19.5 Stealth
 + Level 7.3 Invocations


You had 10 spell levels left.
You didn't know any spells.

Dungeon Overview and Level Annotations

Branches:
Dungeon (1/1)

Altars:
Cheibriados
Dithmenos
Elyvilon
Fedhas
Gozag
Kikubaaqudgha
Makhleb
Nemelex Xobeh
Okawaru
Qazlal
Ru
Sif Muna
Trog
Vehumet
Xom
Yredelemnul
Zin
The Shining One
Jiyva

Shops:
D *[}=(%[

Annotations:
D exclusion: oklob plant, Norris


Innate Abilities, Weirdness & Mutations

You are tiny and cannot use many weapons and most armour.
You have supernaturally acute eyesight.
You are a herbivore.
You cover ground extremely quickly.
You need consume almost no food.
You are partially covered in slimy green scales (AC +2).
You are dopey. (Int -2)
You occasionally shout uncontrollably at your foes.
You expend magic power (3 MP) to strengthen your wands.


Message History

The fire giant is engulfed in noxious fumes.
You hit the fire giant.
The fire giant is severely wounded.
The fire giant is engulfed in noxious fumes.
The fire giant casts a spell at you. The bolt of fire misses you.
Press: ? - help, v - describe, . - travel, g - get item
Here: a fire giant, wielding a great sword of flaming (noxious fumes, severely wounded, poisoned, umbra) 3 poisoned needles.
An open door.
You hit the fire giant but do no damage.
The fire giant is severely wounded.
The fire giant is engulfed in noxious fumes.
The fire giant appears confused.
You hit the fire giant but do no damage.
The fire giant is severely wounded.
Your shadow hits the fire giant but does no damage.
The fire giant gestures at you while chanting.
The fireball explodes!
The fireball engulfs you! You resist.
You die...

##.#§≈≈.§#..##'####^..#@#C##$$$#.
#..+§§§§§'.†#.§§§§#§..###C§###$#.
.._#§§≈.)#..#.^§§§+.....##.#A#$#.
.#'##§#####+###§)^#^....#..###$#.
'#[#(...###P+ #.§.###++##.##..$#.
.####'###.### #C§###..###C.#'###
..'.....'.∩# #§§####..###...#
..########## ##C#..#.§#.###.#
.### #@#.........#.# '#.#
####.........#.# ...#
#[)'......####+# )..#
#####...###§§§§# ####
#####..§#### .C(C.## C###


You could see 2 fire giants.

Vanquished Creatures
  A lorocyproca (D)
  A hydra (D)
  2 centaur warriors (D)
  Sonja (D)
  A deep troll (D)
  5 unseen horrors (D)
  8 shining eyes (D)
  A lindwurm (D)
  A gargoyle (D)
  2 kobold demonologists (D)
  4 demonic crawlers (D)
  A slime creature (D)
  Sigmund (D)
  A yak (D)
  13 hogs (D)
  A wasp (D)
  An ogre (D)
  A jelly (D)
  Ijyb (D)
  6 giant eyeballs (D)
  A giant spore (D)
  4 ballistomycetes (D)
58 creatures vanquished.

Vanquished Creatures (others)
  2 sirens (D)
  A gargoyle (D)
  A hellwing (D)
  A giant spore (D)
5 creatures vanquished.

Grand Total: 63 creatures vanquished

Notes
Turn   | Place    | Note
--------------------------------------------------------------
     0 | D        | Kidiri the Spriggan Assassin began the quest for the Orb.
     0 | D        | Reached XP level 1. HP: 10/10 MP: 2/2
     3 | D        | Noticed Ijyb
    27 | D        | Killed Ijyb
    27 | D        | Reached skill level 7 in Stealth
    27 | D        | Reached XP level 2. HP: 13/16 MP: 3/3
    96 | D        | Noticed an ogre
    99 | D        | Killed an ogre
    99 | D        | Reached skill level 8 in Stealth
    99 | D        | Reached XP level 3. HP: 19/21 MP: 4/4
    99 | D        | Reached XP level 4. HP: 22/25 MP: 5/5
   141 | D        | Noticed Sigmund
   144 | D        | Killed Sigmund
   144 | D        | Reached skill level 5 in Short Blades
   144 | D        | Reached skill level 10 in Stealth
   144 | D        | Reached XP level 5. HP: 28/30 MP: 6/6
   144 | D        | Reached XP level 6. HP: 32/35 MP: 7/7
   196 | D        | Found a snail-covered altar of Cheibriados.
   196 | D        | Found a viscous altar of Jiyva.
   196 | D        | Found a shadowy altar of Dithmenos.
   196 | D        | Found a blossoming altar of Fedhas.
   196 | D        | Noticed a slime creature
   219 | D        | Became a worshipper of Dithmenos the Shadowed
   219 | D        | Killed a gargoyle
   453 | D        | Found a deep blue altar of Sif Muna.
   454 | D        | Noticed a jelly
   455 | D        | Found a radiant altar of Vehumet.
   471 | D        | Killed a jelly
   471 | D        | Reached skill level 5 in Fighting
   678 | D        | Found Gimutix's Jewellery Emporium.
   678 | D        | Found a white marble altar of Elyvilon.
   678 | D        | Found a stormy altar of Qazlal.
   678 | D        | Found a burning altar of Makhleb.
   678 | D        | Found a sacrificial altar of Ru.
   678 | D        | Found a basalt altar of Yredelemnul.
   678 | D        | Found a glowing golden altar of the Shining One.
   678 | D        | Found a sparkling altar of Nemelex Xobeh.
   678 | D        | Found a shimmering altar of Xom.
   678 | D        | Found an opulent altar of Gozag.
   678 | D        | Found an ancient bone altar of Kikubaaqudgha.
   678 | D        | Found a glowing silver altar of Zin.
   678 | D        | Noticed a yak
   679 | D        | Found an iron altar of Okawaru.
   680 | D        | Killed a yak
   680 | D        | Reached skill level 11 in Stealth
   681 | D        | Found a bloodstained altar of Trog.
   685 | D        | Bought a +4 ring of dexterity for 270 gold pieces
   695 | D        | Noticed Sonja
   699 | D        | Killed Sonja
   699 | D        | Reached skill level 13 in Stealth
   699 | D        | Reached XP level 7. HP: 39/41 MP: 8/8
   699 | D        | Reached XP level 8. HP: 42/45 MP: 9/9
   719 | D        | Found Touficuck's General Store.
   727 | D        | Bought a scroll of summoning for 104 gold pieces
   727 | D        | Bought a scroll of identify for 22 gold pieces
   748 | D        | Noticed a deep troll
   784 | D        | Killed a deep troll
   831 | D        | Found Xyowav's Armour Emporium.
   964 | D        | Noticed a centaur warrior
   964 | D        | Noticed a centaur warrior
   967 | D        | Killed a centaur warrior
   967 | D        | Reached skill level 10 in Short Blades
   967 | D        | Reached skill level 10 in Throwing
   967 | D        | Reached skill level 14 in Stealth
   967 | D        | Reached XP level 9. HP: 49/51 MP: 9/11
   969 | D        | Killed a centaur warrior
   969 | D        | Acquired Dithmenos's first power
   969 | D        | Reached skill level 15 in Stealth
   996 | D        | Noticed a wasp
   999 | D        | Killed a wasp
  1011 | D        | Noticed an oklob plant
  1094 | D        | Killed a slime creature
  1109 | D        | Noticed a kobold demonologist
  1110 | D        | Noticed a kobold demonologist
  1112 | D        | Killed a kobold demonologist
  1143 | D        | Killed a kobold demonologist
  1143 | D        | Acquired Dithmenos's second power
  1174 | D        | Noticed a demonic crawler
  1174 | D        | Noticed a demonic crawler
  1174 | D        | Noticed a demonic crawler
  1174 | D        | Noticed a demonic crawler
  1176 | D        | Killed a demonic crawler
  1176 | D        | Reached skill level 16 in Stealth
  1176 | D        | Reached XP level 10. HP: 56/58 MP: 12/14
  1177 | D        | Killed a demonic crawler
  1179 | D        | Killed a demonic crawler
  1180 | D        | Killed a demonic crawler
  1180 | D        | Acquired Dithmenos's third power
  1198 | D        | Noticed a lindwurm
  1202 | D        | Killed a lindwurm
  1212 | D        | Noticed a hog
  1212 | D        | Noticed a hog
  1212 | D        | Noticed a hog
  1212 | D        | Noticed a hog
  1212 | D        | Noticed a hog
  1212 | D        | Noticed a hog
  1212 | D        | Noticed a hog
  1215 | D        | Noticed a hog
  1215 | D        | Noticed a hog
  1220 | D        | Noticed a hog
  1220 | D        | Noticed a hog
  1220 | D        | Noticed a hog
  1225 | D        | Killed a hog
  1242 | D        | Killed a hog
  1247 | D        | Killed a hog
  1259 | D        | Killed a hog
  1259 | D        | Acquired Dithmenos's fourth power
  1259 | D        | Reached skill level 15 in Dodging
  1259 | D        | Reached skill level 5 in Invocations
  1278 | D        | Killed a hog
  1289 | D        | Killed a hog
  1289 | D        | Reached skill level 17 in Stealth
  1424 | D        | Noticed a hog
  1425 | D        | Killed a hog
  1426 | D        | Killed a hog
  1427 | D        | Killed a hog
  1430 | D        | Killed a hog
  1432 | D        | Killed a hog
  1434 | D        | Killed a hog
  1434 | D        | Reached skill level 10 in Fighting
  1435 | D        | Killed a hog
  1465 | D        | Noticed a 12-headed hydra
  1467 | D        | Killed a 12-headed hydra
  1520 | D        | Noticed a daeva
  1566 | D        | Noticed a gargoyle
  1568 | D        | Killed a gargoyle
  1568 | D        | Reached XP level 11. HP: 63/63 MP: 11/16
  1604 | D        | Noticed Norris
  1604 | D        | Noticed a lorocyproca
  1611 | D        | Killed a lorocyproca
  1611 | D        | Reached skill level 18 in Stealth
  1927 | D        | Bought a potion of curing for 33 gold pieces
  1948 | D        | Bought the +2 troll leather armour of Makhleb's Outrage {Regen+ MP+9 Str+6} for 490 gold pieces
  2023 | D        | Noticed a shining eye
  2023 | D        | Noticed a shining eye
  2023 | D        | Noticed a shining eye
  2023 | D        | Noticed a shining eye
  2023 | D        | Noticed a shining eye
  2023 | D        | Noticed a shining eye
  2032 | D        | Noticed a shining eye
  2032 | D        | Noticed a shining eye
  2033 | D        | Killed a shining eye
  2036 | D        | Killed a shining eye
  2041 | D        | Gained mutation: You expend magic power (3 MP) to strengthen your wands. [a shining eye]
  2042 | D        | Killed a shining eye
  2045 | D        | Killed a shining eye
  2047 | D        | Killed a shining eye
  2050 | D        | Killed a shining eye
  2053 | D        | Killed a shining eye
  2063 | D        | Gained mutation: You occasionally shout uncontrollably at your foes. [a shining eye]
  2066 | D        | Gained mutation: You are dopey. (Int -2) [a shining eye]
  2077 | D        | Gained mutation: You are partially covered in slimy green scales (AC +2). [a shining eye]
  2078 | D        | Killed a shining eye
  2082 | D        | Found Exzer's Antique Armour Shoppe.
  2082 | D        | Found Iliqaol's Food Boutique.
  2082 | D        | Found Sixeox's Gadget Emporium.
  2083 | D        | Found Paggov's Weapon Shop.
  2177 | D        | Noticed a siren
  2178 | D        | Noticed a hellwing
  2198 | D        | Killed a siren
  2205 | D        | Killed a hellwing
  2262 | D        | Killed a siren
  2627 | D        | Noticed an unseen horror
  2627 | D        | Noticed an unseen horror
  2627 | D        | Noticed an unseen horror
  2628 | D        | Noticed an unseen horror
  2630 | D        | Killed an unseen horror
  2630 | D        | Reached skill level 19 in Stealth
  2631 | D        | Noticed an unseen horror
  2632 | D        | Killed an unseen horror
  2633 | D        | Killed an unseen horror
  2635 | D        | Killed an unseen horror
  2637 | D        | Killed an unseen horror
  2641 | D        | Noticed a fire giant
  2645 | D        | Noticed a fire giant
  2646 | D        | Noticed a fire giant
  2721 | D        | Bought an uncursed ring of poison resistance for 200 gold pieces
  2721 | D        | Bought an uncursed ring of fire for 250 gold pieces
  2721 | D        | Bought a +3 ring of evasion for 210 gold pieces
  2721 | D        | Bought an uncursed ring of stealth for 175 gold pieces
  2721 | D        | Bought an uncursed amulet of clarity for 200 gold pieces
  2901 | D        | Noticed a fire giant
  2960 | D        | HP: 3/65 [fire giant/great sword of flaming (2)]
  2975 | D        | Killed from afar by a fire giant

Vault maps used:
D:        dungeon_sprint_1

Action                   |  1- 3 |  4- 6 |  7- 9 | 10-12 || total
-------------------------+-------+-------+-------+-------++-------
Melee: Dagger            |     1 |    15 |    93 |   131 ||   240
 Fire: Blowgun           |     7 |       |     9 |    10 ||    26
Invok: Shadow Step       |       |       |       |     3 ||     3
  Use: Potion            |       |     1 |     1 |     4 ||     6
 Stab: Sleeping          |     1 |     3 |     6 |    31 ||    41
       Distracted        |       |       |     1 |     1 ||     2
  Eat: Royal jelly       |       |       |       |     1 ||     1
